 Dungeon Crawl Stone Soup version 0.22.0-49-gab54619674 (webtiles) character file.

222 JedernureinKreuz the Conjurer (level 5, 0/38 HPs)
             Began as a Gnoll Conjurer on Sept 7, 2018.
             Slain by a gnoll shaman
             ... wielding a +2 whip of freezing
              (3 damage)
             ... on level 3 of the Dungeon.
             The game lasted 00:15:51 (2696 turns).

JedernureinKreuz the Conjurer (Gnoll Conjurer)      Turns: 2696, Time: 00:15:55

Health: 0/38       AC:  3    Str: 10    XL:     5   Next: 99%
Magic:  0/12       EV: 14    Int: 18    God:
Gold:   124        SH:  0    Dex: 16    Spells: 6/14 levels left

rFire    . . .     SeeInvis .   a - +0 hunting sling
rCold    . . .     Gourm    .   (no shield)
rNeg     . . .     Faith    +   r - +0 leather armour
rPois    .         Spirit   +   (no helmet)
rElec    .         Reflect  .   k - scarf {Spirit}
rCorr    .         Harm     .   (no gloves)
MR       .....                  (no boots)
Stlth    +++.......             q - amulet of faith
HPRegen  0.12/turn              (no ring)
MPRegen  0.13/turn              (no ring)

@: no status effects
A: distributed training, fangs 1, strong nose
a: no special abilities


You were on level 3 of the Dungeon.
You were not hungry.

You visited 1 branch of the dungeon, and saw 3 of its levels.

You collected 124 gold pieces.

Inventory:

Hand Weapons
 a - a +0 hunting sling (weapon)
 b - a +4 dagger of speed
 d - a +0 spear
 l - a +0 short sword
 w - a +0 club
Missiles
 e - 21 poisoned needles
 f - 94 stones (quivered)
 i - 77 arrows
Armour
 k - a scarf of spirit shield (worn)
 r - a +0 leather armour (worn)
 x - a +0 robe
 z - a +4 chain mail
Jewellery
 q - an amulet of faith (around neck)
Wands
 B - a wand of iceblast (6)
Scrolls
 g - a scroll of immolation {unknown}
 h - a scroll of blinking {unknown}
 m - 2 scrolls of identify {unknown}
 o - 5 scrolls of magic mapping {unknown}
 s - a scroll of amnesia {unknown}
 u - a scroll of remove curse
 v - a scroll of enchant weapon {unknown}
 y - 3 scrolls of teleportation {unknown}
 A - a scroll of enchant armour {unknown}
Potions
 j - a potion of curing {unknown}
 n - 2 potions of brilliance {unknown}
 p - a potion of magic {unknown}
 C - a potion of flight {unknown}
 D - a potion of haste {unknown}
Comestibles
 c - 3 rations
 t - 2 chunks of flesh


   Skills:
 + Level 1.6 Fighting
 + Level 1.6 Short Blades
 + Level 1.6 Long Blades
 + Level 1.6 Axes
 + Level 1.6 Maces & Flails
 + Level 1.6 Polearms
 + Level 1.6 Staves
 + Level 1.6 Slings
 + Level 1.6 Bows
 + Level 1.6 Crossbows
 + Level 1.6 Throwing
 + Level 1.6 Armour
 + Level 4.8 Dodging
 + Level 4.5 Stealth
 + Level 1.6 Shields
 + Level 1.6 Unarmed Combat
 + Level 5.2 Spellcasting
 + Level 7.2 Conjurations
 + Level 1.3 Hexes
 + Level 1.3 Charms
 + Level 1.3 Summonings
 + Level 1.3 Necromancy
 + Level 1.3 Translocations
 + Level 1.3 Transmutations
 + Level 1.3 Fire Magic
 + Level 1.3 Ice Magic
 + Level 1.3 Air Magic
 + Level 1.3 Earth Magic
 + Level 1.3 Poison Magic
 + Level 1.9 Invocations
 + Level 1.6 Evocations


You had 6 spell levels left.
You knew the following spells:

 Your Spells              Type           Power        Failure   Level  Hunger
a - Magic Dart            Conj           ####         1%          1    None
b - Iskenderun's Mystic   Conj           ####....     9%          4    ####...
c - Dazzling Spray        Conj/Hex       ###...       9%          3    ##.....

Your spell library contained the following spells:

 Spells                   Type           Power        Failure   Level  Hunger
 Searing Ray              Conj           ####..       1%          2    #......
 Force Lance              Conj/Tloc      ###.....     28%         4    ####...
 Fulminant Prism          Conj/Hex       ###.......   28%         4    ####...


Dungeon Overview and Level Annotations

Branches:
Dungeon (3/15)

Altars:

Annotations:
D:3 1 runed door


Innate Abilities, Weirdness & Mutations

Your experience applies equally to all skills.
You have very sharp teeth.
Your uncanny sense of smell can sniff out nearby items.


Message History

Press: ? - help, Shift-Dir - straight line, f/p - gnoll shaman
Aim: a gnoll shaman, wielding a whip of freezing and wearing a leather armour The magic dart hits the gnoll shaman.
The gnoll shaman is severely wounded.
The gnoll shouts!
The gnoll hits you from afar with a spear.
The gnoll shaman hits you with a whip of freezing.
The gnoll shaman freezes you.
Casting: Magic Dart (safe; 1% risk of failure)
Confirm with . or Enter, or press ? or * to list all spells.
Aiming: Magic Dart (safe; 1% risk of failure)
Press: ? - help, Shift-Dir - straight line, f/p - gnoll shaman
Aim: a gnoll shaman, wielding a whip of freezing and wearing a leather armour The magic dart hits the gnoll shaman.
The gnoll shaman is severely wounded.
The gnoll hits you from afar with a spear!
The gnoll shaman hits you with a whip of freezing!
* * * LOW HITPOINT WARNING * * *
The gnoll shaman freezes you.
You die...

.#.. #((.(# ##'# #(((.# #
...#############((''#############
.g.#....(.......(((.............#
####≈≈≈≈≈≈≈≈≈≈≈≈.().≈≈≈≈≈≈≈≈≈≈≈≈#
≈≈≈≈≈≈≈≈≈≈≈≈≈≈≈≈.(..≈≈≈≈≈≈≈≈≈≈≈≈≈
≈≈≈≈≈≈≈≈≈≈≈≈≈≈≈≈.)g.≈≈≈≈≈≈≈≈≈≈≈≈≈
.......)...[...gg................
#########>......@................
####+##.....##############..
####...).......####...#####....
#.............g................
#.........................)....
#..............................
#..........#...........))......
###....##.####...................
#......'..# #...................


You could see a gnoll shaman and 3 gnolls.

Vanquished Creatures
  11 gnolls
  2 adders
  A shadow imp (D:3)
  A worm (D:2)
  3 dart slugs
  A leopard gecko (D:1)
  A ball python (D:3)
  5 giant cockroaches
  8 goblins
  5 hobgoblins
  24 jackals
  A quokka (D:3)
  3 bats
  2 frilled lizards
  7 kobolds
  5 rats
80 creatures vanquished.

Notes
Turn   | Place    | Note
-------+----------+-------------------------------------------
     0 | D:1      | JedernureinKreuz the Gnoll Conjurer began the quest for the
                  | Orb.
     0 | D:1      | Reached XP level 1. HP: 13/13 MP: 6/6
    96 | D:1      | Reached XP level 2. HP: 8/19 MP: 2/7
   542 | D:1      | Reached XP level 3. HP: 25/25 MP: 6/9
   547 | D:1      | Reached skill level 5 in Spellcasting
   931 | D:2      | Reached skill level 1 in Invocations
  1161 | D:2      | Reached skill level 1 in Fighting
  1161 | D:2      | Reached skill level 1 in Short Blades
  1161 | D:2      | Reached skill level 1 in Long Blades
  1161 | D:2      | Reached skill level 1 in Axes
  1161 | D:2      | Reached skill level 1 in Maces & Flails
  1161 | D:2      | Reached skill level 1 in Polearms
  1161 | D:2      | Reached skill level 1 in Staves
  1161 | D:2      | Reached skill level 1 in Slings
  1161 | D:2      | Reached skill level 1 in Bows
  1161 | D:2      | Reached skill level 1 in Crossbows
  1161 | D:2      | Reached skill level 1 in Throwing
  1161 | D:2      | Reached skill level 1 in Armour
  1161 | D:2      | Reached skill level 1 in Shields
  1161 | D:2      | Reached skill level 1 in Unarmed Combat
  1161 | D:2      | Reached skill level 1 in Evocations
  1161 | D:2      | Reached XP level 4. HP: 32/32 MP: 4/11
  1949 | D:3      | Learned a level 4 spell: Iskenderun's Mystic Blast
  1953 | D:3      | Learned a level 3 spell: Dazzling Spray
  1966 | D:3      | Reached skill level 1 in Hexes
  1966 | D:3      | Reached skill level 1 in Charms
  1966 | D:3      | Reached skill level 1 in Summonings
  1966 | D:3      | Reached skill level 1 in Necromancy
  1966 | D:3      | Reached skill level 1 in Translocations
  1966 | D:3      | Reached skill level 1 in Transmutations
  1966 | D:3      | Reached skill level 1 in Fire Magic
  1966 | D:3      | Reached skill level 1 in Ice Magic
  1966 | D:3      | Reached skill level 1 in Air Magic
  1966 | D:3      | Reached skill level 1 in Earth Magic
  1966 | D:3      | Reached skill level 1 in Poison Magic
  2097 | D:3      | Reached XP level 5. HP: 27/37 MP: 5/12
  2330 | D:3      | Found a runed door.
  2696 | D:3      | Slain by a gnoll shaman

Skill      XL: |  1  2  3  4 |
---------------+-------------+-----
Spellcasting   | 5 |  5.2
Invocations    | 1 |  1.9
Fighting       | 1 |  1.6
Short Blades   | 1 |  1.6
Long Blades    | 1 |  1.6
Axes           | 1 |  1.6
Maces & Flails | 1 |  1.6
Polearms       | 1 |  1.6
Staves         | 1 |  1.6
Slings         | 1 |  1.6
Bows           | 1 |  1.6
Crossbows      | 1 |  1.6
Throwing       | 1 |  1.6
Armour         | 1 |  1.6
Shields        | 1 |  1.6
Unarmed Combat | 1 |  1.6
Evocations     | 1 |  1.6
Hexes          | 1 |  1.3
Charms         | 1 |  1.3
Summonings     | 1 |  1.3
Necromancy     | 1 |  1.3
Translocations | 1 |  1.3
Transmutations | 1 |  1.3
Fire Magic     | 1 |  1.3
Ice Magic      | 1 |  1.3
Air Magic      | 1 |  1.3
Earth Magic    | 1 |  1.3
Poison Magic   | 1 |  1.3
Dodging        | |  4.8
Stealth        | |  4.5
Conjurations   | |  7.2

Action                   |  1- 3 |  4- 6 || total
-------------------------+-------+-------++-------
Melee: Short sword       |    14 |       ||    14
       Bite              |     1 |     3 ||     4
       Dagger            |     3 |    37 ||    40
 Fire: Hunting sling     |       |    22 ||    22
Throw: Stone             |    16 |       ||    16
 Cast: Magic Dart        |    47 |    80 ||   127
  Use: Scroll            |     1 |       ||     1
 Stab: Sleeping          |     5 |     2 ||     7
  Eat: Chunk             |       |     5 ||     5
Armor: Robe              |     6 |       ||     6
       Leather armour    |       |     4 ||     4
Dodge: Dodged            |    24 |    38 ||    62
